 Dungeon Crawl Stone Soup version 0.19.1 (webtiles) character file.

476 Menchi the Chopper (level 6, -6/50 HPs)
             Began as a Minotaur Wanderer on Dec 11, 2016.
             Mangled by an ogre
             ... wielding a +0 giant club
              (17 damage)
             ... on level 5 of the Dungeon.
             The game lasted 00:18:27 (2661 turns).

Menchi the Chopper (Minotaur Wanderer)              Turns: 2661, Time: 00:18:27

Health: -6/50      AC:  7    Str: 16    XL:     6   Next: 85%
Magic:  5/5        EV: 12    Int:  8    God:
Gold:   145        SH:  0    Dex: 13    Spells: 0 memorised, 5 levels left

rFire  . . .     SeeInvis .     e - +1 hand axe (elec)
rCold  . . .     Gourm    .     b - +0 ring mail
rNeg   . . .     Faith    .     (no shield)
rPois  .         Spirit   .     (helmet restricted)
rElec  .         Reflect  .     s - +0 cloak
rCorr  .         Harm     .     (no gloves)
MR     .....                    (no boots)
Stlth  +.........               x - amulet of magic regeneration
                                (no ring)
                                (no ring)

@: no status effects
A: retaliatory headbutt, horns 2
a: no special abilities


You were on level 5 of the Dungeon.
You were hungry.

You visited 1 branch of the dungeon, and saw 5 of its levels.

You collected 145 gold pieces.

Inventory:

Hand Weapons
 a - a +2 hand axe
 d - a +0 dagger
 e - a +1 hand axe of electrocution (weapon)
Missiles
 l - 7 poisoned tomahawks (quivered)
 w - 2 tomahawks
Armour
 b - a +0 ring mail (worn)
 s - a +0 cloak (worn)
Jewellery
 x - an amulet of magic regeneration (around neck)
Wands
 r - a wand of iceblast (9/15)
Scrolls
 g - a scroll of random uselessness {unknown}
 m - 4 scrolls of teleportation
 n - 2 scrolls of fog {unknown}
 u - 2 scrolls of amnesia {unknown}
Potions
 c - a potion of curing
 h - 3 potions of lignification
 j - 2 potions of brilliance {unknown}
 o - a potion of cure mutation {unknown}
 t - a potion of mutation {unknown}
 v - a potion of berserk rage {unknown}
 z - a potion of agility {unknown}
 A - a potion of invisibility {unknown}
 B - a potion of might {unknown}
Books
 y - a book of Geomancy

   Spells                             Type                      Level
   a - Sandblast                      Earth                        1
   b - Passwall                       Transmutation/Earth          2
   c - Stone Arrow                    Conjuration/Earth            3
   d - Petrify                        Transmutation/Earth          4
   e - Lee's Rapid Deconstruction     Earth                        5
Comestibles
 f - 4 bread rations
 i - 4 meat rations
 k - 2 royal jellies
 p - 3 beef jerkies


   Skills:
 + Level 2.5 Fighting
   Level 2.4 Long Blades
 + Level 6.0 Axes
 + Level 1.4 Throwing
 + Level 4.2 Armour
 + Level 4.1 Dodging
 - Level 1.5 Stealth


You had 5 spell levels left.
You didn't know any spells.

Dungeon Overview and Level Annotations

Branches:
Dungeon (5/15)
 Temple: D:4-7

Altars:
Uskayaw
Yredelemnul
The Shining One


Innate Abilities, Weirdness & Mutations

You reflexively headbutt those who attack you in melee.
You have a pair of horns on your head.


Message History

You hit the ball python.
There is a sudden explosion of sparks!
You kill the ball python!
An ogre comes into view. It is wielding a giant club.
The helpless ogre fails to defend itself.
You hit the ogre.
There is a sudden explosion of sparks!
The ogre is heavily wounded.
The ogre hits you with a giant club!!
You hit the ogre.
The ogre is severely wounded.
You hit the ogre.
The ogre is severely wounded.
The ogre hits you with a giant club!
* * * LOW HITPOINT WARNING * * *
You are too injured to fight recklessly!
You are too injured to fight recklessly!
You are too injured to fight recklessly!
You closely miss the ogre. You headbutt the ogre.
The ogre is almost dead.
The ogre hits you with a giant club!
You die...

#.......###.....
######.......#...####
#............#.###...
#.....#####..........
#....####...###......
#.........####.......
#.....##### #.......
#....## #...[...
#...@# #.......
#...O# #.......
#....# ##......
###### ##..... ######


You could see an ogre.

Vanquished Creatures
  The ghost of asegelite the Ducker, an amateur SpWr of Xom (D:4)
  A scorpion (D:5)
  2 bullfrog zombies (D:5)
  An orc wizard (D:4)
  Jessica (D:3)
  Ijyb (D:3)
  A worker ant (D:5)
  2 adders
  2 oozes (D:2)
  A worm (D:5)
  A dart slug (D:3)
  2 leopard geckos (D:1)
  4 orcs
  2 giant cockroaches
  10 goblins
  6 hobgoblins
  7 jackals
  2 quokkas (D:5)
  2 ball pythons
  9 bats
  2 frilled lizards (D:1)
  7 kobolds
  6 rats
73 creatures vanquished.

Notes
Turn   | Place    | Note
-------+----------+-------------------------------------------
     0 | D:1      | Menchi the Minotaur Wanderer began the quest for the Orb.
     0 | D:1      | Menchi set off with: a +2 hand axe, a +0 ring mail, a potion of curing, a +0 dagger, a bread ration
     0 | D:1      | Reached XP level 1. HP: 14/14 MP: 0/0
   141 | D:1      | Reached XP level 2. HP: 20/20 MP: 1/1
   214 | D:1      | Reached skill level 3 in Axes
   582 | D:2      | Reached XP level 3. HP: 26/26 MP: 2/2
  1109 | D:2      | Found a basalt altar of Yredelemnul.
  1451 | D:3      | Noticed Jessica
  1458 | D:3      | Killed Jessica
  1458 | D:3      | Reached skill level 1 in Fighting
  1458 | D:3      | Reached skill level 4 in Axes
  1458 | D:3      | Reached XP level 4. HP: 31/35 MP: 3/3
  1559 | D:3      | Noticed Ijyb
  1574 | D:3      | Killed Ijyb
  1639 | D:3      | Found a hide-covered altar of Uskayaw.
  1639 | D:3      | Found a faded altar of an unknown god.
  1659 | D:3      | Found a faded altar of an unknown god.
  1662 | D:3      | Found a faded altar of an unknown god.
  1665 | D:3      | Found a glowing golden altar of the Shining One.
  1909 | D:4      | Reached XP level 5. HP: 40/40 MP: 4/4
  1959 | D:4      | Noticed asegelite's ghost (amateur SpWr)
  2335 | D:4      | Killed asegelite's ghost
  2335 | D:4      | Reached skill level 5 in Axes
  2335 | D:4      | Reached XP level 6. HP: 39/48 MP: 5/5
  2390 | D:5      | Entered Level 5 of the Dungeon
  2604 | D:5      | Reached skill level 6 in Axes
  2661 | D:5      | Mangled by an ogre

Skill      XL: |  1  2  3  4  5  6 |
---------------+-------------------+-----
Axes           | 3 4 5 6 |  6.0
Dodging        | 3 4 |  4.1
Armour         | 2 3 4 |  4.2
Fighting       | 1 2 |  2.5
Long Blades    | |  2.4
Throwing       | |  1.4
Stealth        | |  1.5

Action                   |  1- 3 |  4- 6 || total
-------------------------+-------+-------++-------
Melee: Hand axe          |    79 |    80 ||   159
       Headbutt          |     9 |    12 ||    21
Throw: Tomahawk          |       |     4 ||     4
  Use: Scroll            |     1 |     3 ||     4
 Stab: Sleeping          |       |     1 ||     1
  Eat: Chunk             |     2 |     3 ||     5
Armor: Ring mail         |    39 |    20 ||    59
Dodge: Dodged            |    54 |    40 ||    94
